 Dungeon Crawl Stone Soup version 0.28-a0-1404-g4df0f3684d (webtiles) character file.

Game seed: 326053911034355073

1682 eustatius the Martial Artist (level 9, 0/70 HPs)
             Began as a Ghoul Monk on Jan 6, 2022.
             Was a Believer of Makhleb.
             Slain by a wyvern (14 damage)
             ... on level 9 of the Dungeon.
             The game lasted 00:30:01 (5605 turns).

eustatius the Martial Artist (Ghoul Monk)           Turns: 5605, Time: 00:30:02

Health: 0/70       AC:  7    Str: 15    XL:     9   Next: 2%
Magic:  13/13      EV: 13    Int:  5    God:    Makhleb [**....]
Gold:   302        SH:  0    Dex: 15    Spells: 8/8 levels left

rFire   . . .      SeeInvis .     - Unarmed
rCold   + . .      Faith    .   (no shield)
rNeg    + + +      Spirit   .   a - +1 robe
rPois   ∞          Reflect  .   (no helmet)
rElec   .          Harm     .   (no cloak)
rCorr   .          Rampage  .   (no gloves)
Will    .....                   (no boots)
Stlth   +++.......              b - amulet of the acrobat
HPRegen 0.00/turn               i - ring of poison resistance
MPRegen 0.13/turn               q - +4 ring of protection

@: inhibited regen
A: claws 1, cold resistance 1, negative energy resistance 3, inhibited
regeneration, torment resistance 2
a: Renounce Religion, Minor Destruction


You were on level 9 of the Dungeon.
You worshipped Makhleb.
Makhleb was pleased with you.
You visited 1 branch of the dungeon, and saw 9 of its levels.

You collected 302 gold pieces.

Inventory:

Hand Weapons
 h - a +0 whip of draining
 l - a +3 dagger
 v - a +1 short sword of speed
 A - a +1 antimagic quarterstaff
 C - a +0 rapier of venom
 D - a +0 shortbow
 F - the +0 morningstar "Xuitis" {flame, rPois Will+ MP+9}
   (You found it on level 10 of the Dungeon)

   It burns those it strikes, dealing additional fire damage.
   rPois:     It protects you from poison.
   MP:        It affects your magic capacity (+9).
   Will:      It increases your willpower.
Missiles
 w - 3 silver boomerangs
 E - 26 arrows
Armour
 a - a +1 robe (worn)
 d - a +0 leather armour
 r - an orb of guile
 I - an orb of guile
Jewellery
 b - an amulet of the acrobat (around neck)
 i - a ring of poison resistance (left claw)
 q - a +4 ring of protection (right claw)
Wands
 x - a wand of flame (16) (quivered)
 y - a wand of iceblast (10)
 J - a wand of polymorph (4)
Scrolls
 c - a scroll of blinking
 e - a scroll of magic mapping {unknown}
 j - 2 scrolls of teleportation {unknown}
 k - a scroll of immolation
 m - 2 scrolls of enchant armour
 o - a scroll of silence {unknown}
 u - 3 scrolls of fog {unknown}
 G - 2 scrolls of identify {unknown}
Potions
 f - 2 potions of heal wounds {unknown}
 g - 3 potions of curing
 n - a potion of lignification {unknown}
 p - a potion of resistance {unknown}
 s - a potion of degeneration {unknown}
 t - a potion of might {unknown}
 z - a potion of ambrosia {unknown}
 B - a potion of attraction {unknown}
 H - a potion of haste {unknown}


   Skills:
 - Level 3.4 Fighting
 - Level 2.8 Dodging
 + Level 6.0 Stealth
 + Level 8.9 Unarmed Combat
 * Level 7.0 Invocations


You had 8 spell levels left.
You didn't know any spells.
Your spell library contained the following spells:

 Spells                   Type           Power      Damage    Failure   Level
 Dazzling Flash           Conj/Hex       0%         N/A       85%         3
 Agony                    Necr           0%         N/A       100%        5
 Silence                  Hex/Air        0%         N/A       100%        5


Dungeon Overview and Level Annotations

Branches:
Dungeon (10/15)
 Temple: D:4-7         Lair: D:8-11         Orc: D:9-12

Altars:
Cheibriados
Makhleb
Nemelex Xobeh
Sif Muna
Uskayaw
Zin


Innate Abilities, Weirdness & Mutations

You thrive by killing the living.
You are immune to poison.
You have sharp fingernails.
Your flesh is cold resistant. (rC+)
You are immune to negative energy. (rN+++)
You do not regenerate when monsters are visible.
You are immune to unholy pain and torment.


Message History

The glob of acid hits the two-headed ogre!
The two-headed ogre is moderately wounded.
Aiming: Minor Destruction (1% risk of failure)
Press: ? - help, Shift-Dir - straight line, f/p - two-headed ogre
Aim: a two-headed ogre, wielding a +0 giant club and a +0 giant spiked club (moderately wounded)
The stone arrow hits the two-headed ogre!
The two-headed ogre is heavily wounded.
Aiming: Minor Destruction (1% risk of failure)
Press: ? - help, Shift-Dir - straight line, f/p - two-headed ogre
Aim: a two-headed ogre, wielding a +0 giant club and a +0 giant spiked club (heavily wounded)
The zap hits the two-headed ogre.
The two-headed ogre is severely wounded.
The zap hits the two-headed ogre but does no damage.
The two-headed ogre is severely wounded.
The zap misses you. x2; The wyvern closely misses you.
The two-headed ogre closely misses you.
The two-headed ogre hits you with a +0 giant spiked club!!
The wyvern bites you!
* * * LOW HITPOINT WARNING * * *
Blink to where?
Press: ? - help, Dir - move target, p - two-headed ogre
Okay, then.
You closely miss the wyvern. The wyvern closely misses you.
The two-headed ogre hits you with a +0 giant club!
* * * LOW HITPOINT WARNING * * *
The two-headed ogre closely misses you.
Unknown command.
Blink to where?
Press: ? - help, Dir - move target, p - two-headed ogre
Okay, then.
Blink to where?
Press: ? - help, Dir - move target, p - two-headed ogre
As you read the scroll of blinking, it crumbles to dust.
The wyvern bites you but does no damage.
The wyvern bites you.
* * * LOW HITPOINT WARNING * * *
You feel better. The wyvern bites you!
* * * LOW HITPOINT WARNING * * *
You feel better. The wyvern bites you!
You die...

#.#....#..##......###
..#......##.##.........
..#.#.#[.##.#........#
..#.#.#..##.#........
..#......##.#.....# #
.##.#.#.###.......# .###
.#......).........##...#
.#....#.#####.#......##
##.#..#.# #...@.....##
......### ##.#lO.....#
......# ...#..#......
#####.# ######..#......
#... #≈≈≈ #..........
####.#≈≈ #.......... #≈
#......##.# ≈ #......# #
########


You could see a two-headed ogre and a wyvern.

Vanquished Creatures
  Menkaure (D:5)
  A water moccasin (D:6)
  An ice beast (D:6)
  An orc warrior (D:6)
  2 sky beasts (D:6)
  2 ogres
  2 centaurs
  A bullfrog (D:6)
  A howler monkey (D:5)
  4 hounds
  A jelly (D:6)
  3 orc priests
  A bullfrog skeleton (D:6)
  A centaur skeleton (D:6)
  An iguana (D:5)
  5 orc wizards
  A howler monkey skeleton (D:5)
  11 adders
  A shadow imp (D:6)
  2 ufetubi
  2 worms (D:3)
  5 dart slugs
  12 orcs
  6 bats
  6 endoplasms
  3 giant cockroaches
  9 goblins
  7 hobgoblins
  2 quokkas
  7 ball pythons
  3 frilled lizards
  4 kobolds
  6 rats
115 creatures vanquished.

Notes
Turn   | Place    | Note
-------+----------+-------------------------------------------
     0 | D:1      | eustatius the Ghoul Monk began the quest for the Orb.
     0 | D:1      | Reached XP level 1. HP: 19/19 MP: 0/0
    63 | D:1      | Found a faded altar of an unknown god.
    92 | D:1      | Reached XP level 2. HP: 24/26 MP: 1/1
   585 | D:1      | Reached skill level 4 in Unarmed Combat
   886 | D:1      | Reached XP level 3. HP: 31/31 MP: 2/2
  1431 | D:2      | Reached XP level 4. HP: 30/38 MP: 3/3
  1539 | D:2      | Reached skill level 5 in Unarmed Combat
  2632 | D:3      | Reached XP level 5. HP: 45/45 MP: 4/4
  2864 | D:4      | Noticed a water moccasin
  3011 | D:3      | You fall into a shaft and drop 1 floor!
  3073 | D:5      | Entered Level 5 of the Dungeon
  3107 | D:5      | Found a burning altar of Makhleb.
  3107 | D:5      | Found a hide-covered altar of Uskayaw.
  3141 | D:5      | Became a worshipper of Makhleb the Destroyer
  3141 | D:5      | Reached * piety under Makhleb
  3141 | D:5      | Reached ** piety under Makhleb
  3174 | D:5      | Found a sparkling altar of Nemelex Xobeh.
  3429 | D:5      | Noticed Menkaure
  3449 | D:5      | Killed Menkaure
  3450 | D:5      | Reached skill level 6 in Unarmed Combat
  3450 | D:5      | Reached skill level 1 in Invocations
  3450 | D:5      | Reached XP level 6. HP: 40/51 MP: 4/6
  3620 | D:5      | Found a snail-covered altar of Cheibriados.
  3664 | D:5      | Reached XP level 7. HP: 44/57 MP: 7/7
  3795 | D:5      | Reached skill level 7 in Unarmed Combat
  3940 | D:5      | Reached skill level 5 in Stealth
  4213 | D:6      | Reached skill level 8 in Unarmed Combat
  4213 | D:6      | Reached XP level 8. HP: 33/63 MP: 9/9
  4759 | D:6      | Reached skill level 5 in Invocations
  5409 | D:7      | You fall into a shaft and drop 3 floors!
  5409 | D:10     | Entered Level 10 of the Dungeon
  5417 | D:10     | Identified the +0 morningstar "Xuitis" {flame, rPois Will+
                  | MP+9}
  5417 | D:10     | Noticed a troll
  5417 | D:10     | Noticed a kobold demonologist
  5421 | D:10     | Noticed a centaur warrior
  5423 | D:10     | Noticed an orange demon
  5425 | D:10     | Noticed an ice devil
  5444 | D:9      | Found a shimmering blue altar of Sif Muna.
  5571 | D:9      | Reached XP level 9. HP: 54/70 MP: 13/13
  5580 | D:9      | Noticed a two-headed ogre
  5604 | D:9      | HP: 3/70 [wyvern (11)]
  5605 | D:9      | Slain by a wyvern

Illustrated notes

Levels and vault maps discovered:
D:1:      shiori_arrival_oz, layout_rooms, hellmonk_ecumenical_altar_run_dry,
          hangedman_decor_opposing
D:2:      layout_rooms, eino_tiny_chamber, kennysheep_generic_room_5
D:3:      layout_loops_cross
D:4:      layout_loops_ring, serial_bayou_pond_c, minmay_pentangle
D:5:      layout_loops_ring, lemuel_crystal_altar, amcnicky_altar_gilded,
          mainiacjoe_overflow_divided_tiny, gup_sewer_entry_glass, uniq_menkaure
D:6:      layout_basic, mainiacjoe_overflow_tiny_flanked
D:7:      layout_basic, minmay_temple_entry_statues_pillars, serial_shops,
          kennysheep_mini, uniq_duvessa
D:9:      layout_basic, okawaru_humans, nicolae_overflow_crystal_walls,
          serial_aquarium, aquarium_bridge_square [aquarium_subvault_wall,
          aquarium_subvault_bridge, aquarium_subvault_wall,
          aquarium_subvault_bridge], aquarium_window_fake, aquarium_window_fake,
          aquarium_window_corner, aquarium_window_fake, aquarium_view_2d,
          aquarium_view_2g, aquarium_balcony_3a
D:10:     layout_stronghold, ashenzari_altar_1, ebering_ghost_gozag,
          nicolae_alphabet_shops, st_stairs_5, serial_bayou_lake_a

Skill      XL: |  1  2  3  4  5  6  7  8 |
---------------+-------------------------+-----
Unarmed Combat | 4 5 6 8 |  8.9
Stealth        | 3 4 5 6 |  6.0
Invocations    | 1 2 3 7 |  7.0
Fighting       | |  3.4
Dodging        | |  2.8

Action                   |  1- 3 |  4- 6 |  7- 9 || total
-------------------------+-------+-------+-------++-------
Melee: Unarmed           |   107 |    97 |   112 ||   316
       Punch             |     1 |     4 |    11 ||    16
Invok: Minor Destruction |       |     5 |    50 ||    55
Evoke: Wand              |       |       |     2 ||     2
  Use: Scroll            |       |     1 |     3 ||     4
       Potion            |       |       |     3 ||     3
 Stab: Sleeping          |     3 |     9 |     5 ||    17
Armor: Robe              |    27 |    13 |    42 ||    82
Dodge: Dodged            |    69 |    52 |    91 ||   212

Table legend: (Time is in decaauts)
 A = Elapsed time spent in this place.
 B = Non-inter-level travel time spent in this place.
 C = Inter-level travel time spent in this place.
 D = Time resting spent in this place.
 E = Time spent auto-exploring this place.
 F = Levels seen in this place.
 G = Mean time per level.
                   A        B        C        D        E       F      G
               +--------+--------+--------+--------+--------+-----+--------+
         Total |   5573 |   3920 |   1653 |    389 |   2420 |   9 |  619.2 |
       Dungeon |   5573 |   3920 |   1653 |    389 |   2420 |   9 |  619.2 |
               +--------+--------+--------+--------+--------+-----+--------+

Top non-repeatable levels by time:
     D:6: 1185 daAuts
     D:3: 1163 daAuts
     D:5: 972 daAuts
     D:1: 945 daAuts
     D:2: 885 daAuts
     D:9: 179 daAuts
     D:7: 161 daAuts
     D:4: 64 daAuts
    D:10: 15 daAuts
